 Dungeon Crawl Stone Soup version 0.27-a0-1442-g87b6fcb595 (webtiles) character file.

Game seed: 3642674195003461672

14 dolemite99 the Twirler (level 2, 23/25 HPs)
             Began as a Minotaur Gladiator on July 5, 2021.
             Was a Follower of Vehumet.
             Quit the game on level 1 of the Dungeon.
             The game lasted 00:00:32 (549 turns).

dolemite99 the Twirler (Minotaur Gladiator)          Turns: 549, Time: 00:00:32

Health: 23/25      AC:  3    Str: 18    XL:     2   Next: 31%
Magic:  1/1        EV: 12    Int:  5    God:    Vehumet [*.....]
Gold:   0          SH:  0    Dex: 11    Spells: 1/1 levels left

rFire    . . .     SeeInvis .   a - +0 quarterstaff
rCold    . . .     Faith    .   (shield currently unavailable)
rNeg     . . .     Spirit   .   b - +0 leather armour
rPois    .         Reflect  .   c - +0 hat
rElec    .         Harm     .   (no cloak)
rCorr    .         Rampage  .   (no gloves)
Will     .....                  (no boots)
Stlth    +.........             (no amulet)
HPRegen  0.08/turn              (no ring)
MPRegen  0.07/turn              (no ring)

@: no status effects
A: horns 2, retaliatory headbutt
a: Renounce Religion


You were on level 1 of the Dungeon.
You worshipped Vehumet.
Vehumet was aware of your devotion.
You visited 1 branch of the dungeon, and saw 1 of its levels.

Inventory:

Hand Weapons
 a - a +0 quarterstaff (weapon)
Missiles
 d - 3 throwing nets (quivered)
Armour
 b - a +0 leather armour (worn)
 c - a +0 hat (worn)
Scrolls
 g - a scroll of enchant armour {unknown}
Potions
 e - a potion of might {unknown}
 f - a potion of curing {unknown}


   Skills:
 - Level 2.4 Fighting
 + Level 4.6 Staves
 - Level 2.0 Throwing
 - Level 3.2 Dodging


You had one spell level left.
You didn't know any spells.
Your spell library contained the following spells:

 Spells                   Type           Power      Damage    Failure   Level
 Magic Dart               Conj           0%         1d3       54%         1
 Static Discharge         Conj/Air       0%         N/A       67%         2
 Dispel Undead            Necr           0%         3d6       99%         4
 Sticky Flame             Conj/Fire      0%         2d3       99%         4


Dungeon Overview and Level Annotations

Branches:
Dungeon (1/15)

Altars:
Vehumet


Innate Abilities, Weirdness & Mutations

You have a pair of horns on your head.
You reflexively headbutt those who attack you in melee.


Message History

The goblin hits you with a +0 dagger. x2
You hit the goblin.
The goblin is almost dead.
The goblin hits you with a +0 dagger.
You closely miss the goblin. Your headbutt misses the goblin.
The goblin is severely wounded.
The goblin hits you with a +0 dagger.
You barely miss the goblin.
The goblin is severely wounded.
The goblin hits you but does no damage.
You closely miss the goblin. Your headbutt misses the goblin.
The goblin is severely wounded.
The goblin hits you with a +0 dagger.
You sock the goblin!
You kill the goblin!
Found a scroll labelled ITWYABL GENIA.
You see here a +0 dagger.
You start resting.
There is a huge open gate here.
There is a huge open gate here.
There is a faded altar of an unknown god here.
You cannot tell which god this altar belongs to.
Convert to them anyway?
Vehumet accepts your prayer! Vehumet welcomes you!
You can now gain magical power from killing.
Vehumet offers you knowledge of Magic Dart.
There is a huge open gate here.
There is a huge open gate here.
g - a scroll labelled ITWYABL GENIA HP restored.
A ball python comes into view.
The ball python hisses angrily.
The ball python closely misses you. x2
You closely miss the ball python. The ball python bites you.
The ball python grabs you. The ball python constricts you.
You hit the ball python.
You kill the ball python!
Vehumet accepts your kill.
You see here a ball python corpse.
Are you sure you want to abandon this character and quit the game? (Confirm with "yes".)

.. #...#####'#.#.##.#
.. #.#............# #
.. #.#....'''''...#
#.. #.#....'''''.###.
#.#.##.''_''.....
#.#.##.'''''.####
#.#....'''''.....
.#.#.#.###.#.....#####
........@.#+#.#.###
..............#.#
...##.........#.# ..
+.........#.#
#.........#
#########.# .# #


There were no monsters in sight!

Vanquished Creatures
  A bat (D:1)
  4 endoplasms (D:1)
  A hobgoblin (D:1)
  A quokka (D:1)
  A ball python (D:1)
  A frilled lizard (D:1)
  3 goblins (D:1)
12 creatures vanquished.

Notes
Turn   | Place    | Note
-------+----------+-------------------------------------------
     0 | D:1      | dolemite99 the Minotaur Gladiator began the quest for the
                  | Orb.
     0 | D:1      | Reached XP level 1. HP: 18/18 MP: 0/0
    33 | D:1      | Reached skill level 4 in Staves
   200 | D:1      | Reached XP level 2. HP: 22/25 MP: 1/1
   415 | D:1      | Found a faded altar of an unknown god.
   466 | D:1      | Became a worshipper of Vehumet
   466 | D:1      | Reached * piety under Vehumet
   466 | D:1      | Offered knowledge of Magic Dart by Vehumet.
   549 | D:1      | Quit the game

Illustrated notes

Levels and vault maps discovered:
D:1:      minmay_arrival_hallway, layout_basic,
          hellmonk_ecumenical_altar_heavens_door

Skill      XL: |  1 |
---------------+----+-----
Staves         | 4 |  4.6
Fighting       | |  2.4
Throwing       | |  2.0
Dodging        | |  3.2

Action                   || total
-------------------------++-------
Melee: Quarterstaff      ||    28
       Headbutt          ||     2
Armor: Leather armour    ||     7
Dodge: Dodged            ||    10

Table legend: (Time is in decaauts)
 A = Elapsed time spent in this place.
 B = Non-inter-level travel time spent in this place.
 C = Inter-level travel time spent in this place.
 D = Time resting spent in this place.
 E = Time spent auto-exploring this place.
 F = Levels seen in this place.
 G = Mean time per level.
                   A        B        C        D        E       F      G
               +--------+--------+--------+--------+--------+-----+--------+
         Total |    551 |    551 |      0 |     36 |    415 |   1 |  551.0 |
       Dungeon |    551 |    551 |      0 |     36 |    415 |   1 |  551.0 |
               +--------+--------+--------+--------+--------+-----+--------+

Top non-repeatable levels by time:
     D:1: 551 daAuts
